 Dungeon Crawl Stone Soup version 0.27-a0-1193-g8631133539 (webtiles) character file.

Game seed: 17667762867144753564

27 rjrrt the Chopper (level 2, -1/24 HPs)
             Began as a Demonspawn Berserker on May 27, 2021.
             Was a Follower of Trog.
             Slain by Jessica
             ... wielding a +0 club
              (3 damage)
             ... on level 3 of the Dungeon.
             The game lasted 00:01:33 (1684 turns).

rjrrt the Chopper (Demonspawn Berserker)            Turns: 1684, Time: 00:01:33

Health: -1/24      AC:  8    Str: 23    XL:     2   Next: 93%
Magic:  2/2        EV:  8    Int:  8    God:    Trog [*.....]
Gold:   35         SH:  0    Dex: 12    Spells: 1/1 levels left

rFire    . . .     SeeInvis .   a - +0 hand axe
rCold    . . .     Faith    .   (no shield)
rNeg     . . .     Spirit   .   d - +0 chain mail
rPois    .         Reflect  .   (no helmet)
rElec    .         Harm     .   (no cloak)
rCorr    .         Rampage  .   (no gloves)
Will     .....                  (no boots)
Stlth    ..........             (no amulet)
HPRegen  0.08/turn              e - +6 ring of strength
MPRegen  0.08/turn              (no ring)

@: flying
A: demonic guardian 1
a: Renounce Religion, Berserk


You were on level 3 of the Dungeon.
You worshipped Trog.
Trog was aware of your devotion.
You visited 1 branch of the dungeon, and saw 3 of its levels.

You collected 35 gold pieces.

Inventory:

Hand Weapons
 a - a +0 hand axe (weapon)
Armour
 d - a +0 chain mail (worn)
Jewellery
 e - a +6 ring of strength (left hand)
Scrolls
 f - a scroll of brand weapon {unknown}
 h - a scroll of identify {unknown}
 i - a scroll of amnesia {unknown}
Potions
 b - a potion of heal wounds {unknown}
 c - 2 potions of flight
 g - a potion of degeneration {unknown}


   Skills:
 - Level 3.0 Fighting
 + Level 3.8 Axes
 - Level 1.7 Armour
 - Level 1.7 Dodging


You had one spell level left.
You didn't know any spells.
Your spell library was empty.

Dungeon Overview and Level Annotations

Branches:
Dungeon (3/15)

Altars:

Annotations:
D:3 Jessica


Innate Abilities, Weirdness & Mutations

A weak demonic guardian rushes to your aid.


Message History

Found a scroll labelled TUMARGH TOMI and a club.
Found a stone staircase leading down.
There is a stone staircase leading up here.
i - a scroll labelled TUMARGH TOMI Jessica the Apprentice Sorceress comes into view.
She is wielding a +0 club.
Jessica shouts!
Jessica casts a spell.
Jessica seems to speed up.
Unknown command.
No target in view!
Jessica misses you. Jessica closely misses you. Jessica closely misses you.
You closely miss Jessica. Jessica hits you with a +0 club.
Jessica casts a spell.
Jessica blinks!
No target in view!
No target in view!
No target in view!
Unknown command.
Jessica points at you and mumbles some strange words.
You barely resist. Jessica gestures at you while chanting.
Pain shoots through your body!
Ouch! That really hurt!
You are too injured to fight recklessly!
Unknown command.
Jessica hits you but does no damage.
You are too injured to fight recklessly!
You hit Jessica but do no damage. Jessica hits you with a +0 club.
* * * LOW HITPOINT WARNING * * *
Jessica hits you with a +0 club.
* * * LOW HITPOINT WARNING * * *
A demonic guardian appears!
You are too injured to fight recklessly!
Unknown command.
Unknown command.
It was a potion of flight.
You feel very buoyant.
You fly up into the air.
Jessica hits you with a +0 club.
You die...

..........>......
#####..#..######
#..#..# #..#..#
#..#..# #..#..#
#..#..####
#...5.....
#.@#..####
#.@#..# #..# ...
#..# .... ....
.... .#..# ####
.#... . ##.#


You could see Jessica (fast, ally target) and a friendly ufetubus (summoned).

Vanquished Creatures
  A worm (D:2)
  A dart slug (D:1)
  4 ball pythons
  3 bats
  An endoplasm (D:1)
  2 giant cockroaches
  3 hobgoblins
  A quokka (D:2)
  2 goblins (D:2)
  2 kobolds
20 creatures vanquished.

Vanquished Creatures (others)
  A rat (D:3)
1 creature vanquished.

Grand Total: 21 creatures vanquished

Notes
Turn   | Place    | Note
-------+----------+-------------------------------------------
     0 | D:1      | rjrrt the Demonspawn Berserker began the quest for the Orb.
     0 | D:1      | Reached XP level 1. HP: 18/18 MP: 1/1
    58 | D:1      | Found a faded altar of an unknown god.
   434 | D:1      | Gained mutation: A weak demonic guardian rushes to your
                  | aid. [demonic ancestry]
   434 | D:1      | Reached XP level 2. HP: 18/24 MP: 2/2
  1671 | D:3      | Noticed Jessica
  1684 | D:3      | Slain by Jessica

Illustrated notes

Levels and vault maps discovered:
D:1:      dpeg_arrival_oval, layout_basic,
          hellmonk_ecumenical_altar_slurped_away
D:2:      layout_basic, kennysheep_minor_cross
D:3:      layout_basic, grunt_temple_overflow_order_and_chaos_1,
          lemuel_doored_altar, uniq_jessica

Skill      XL: |  1 |
---------------+----+-----
Axes           | 3 |  3.8
Fighting       | |  3.0
Armour         | |  1.7
Dodging        | |  1.7

Action                   || total
-------------------------++-------
Melee: Hand axe          ||    68
Invok: Berserk           ||     1
  Use: Potion            ||     1
 Stab: Sleeping          ||     1
Armor: Ring mail         ||    14
       Chain mail        ||    17
Dodge: Dodged            ||    31

Table legend: (Time is in decaauts)
 A = Elapsed time spent in this place.
 B = Non-inter-level travel time spent in this place.
 C = Inter-level travel time spent in this place.
 D = Time resting spent in this place.
 E = Time spent auto-exploring this place.
 F = Levels seen in this place.
 G = Mean time per level.
                   A        B        C        D        E       F      G
               +--------+--------+--------+--------+--------+-----+--------+
         Total |   1701 |   1631 |     70 |     40 |   1404 |   3 |  567.0 |
       Dungeon |   1701 |   1631 |     70 |     40 |   1404 |   3 |  567.0 |
               +--------+--------+--------+--------+--------+-----+--------+

Top non-repeatable levels by time:
     D:1: 1034 daAuts
     D:2: 646 daAuts
     D:3: 21 daAuts
